 Dungeon Crawl Stone Soup version 0.31-a0-986-g5e6e4ef867 (webtiles) character file.

Game seed: 16177301554082026829

445 GloriousHammer the Cleaver (level 7, -3/57 HPs)
             Began as a Hill Orc Monk on Nov 7, 2023.
             Slain by a gnoll
             ... wielding a +0 spear
              (6 damage)
             ... on level 3 of the Dungeon.
             The game lasted 00:06:45 (2752 turns).

GloriousHammer the Cleaver (Hill Orc Monk)          Turns: 2752, Time: 00:06:46

Health: -3/57      AC:  6    Str: 16    XL:     7   Next: 3%
Magic:  7/7        EV: 10    Int: 12    God:
Gold:   171        SH:  0    Dex: 13    Spells: 6/6 levels left

rFire   . . .        o - +0 war axe
rCold   . . .        d - orb {light}
rNeg    . . .        l - +0 scale mail of Xom's Supremacy {rCorr Int+2}
rPois   .            (no helmet)
rElec   .            (no cloak)
rCorr   +            (no gloves)
SInv    .            (no boots)
Will    .....        m - amulet of magic regeneration Stlth
                     (no ring)
HPRegen 0.29/turn    (no ring)
MPRegen 0.50/turn

%: no passive effects
@: attractive, glowing
A: no striking features
a: no special abilities


You were on level 3 of the Dungeon.
You visited 1 branch of the dungeon, and saw 6 of its levels.

You collected 171 gold pieces.

Inventory:

Hand Weapons
 a - a +2 vampiric whip
 o - a +0 war axe (weapon)
Missiles
 e - 6 javelins
 r - 8 poisoned darts
Armour
 d - an orb of light (worn)
 l - the +0 scale mail of Xom's Supremacy (worn) {rCorr Int+2}
   (You found it on level 2 of the Dungeon)

   Int+2:     It affects your intelligence (+2).
   rCorr:     It protects you from acid and corrosion.
Jewellery
 m - an amulet of magic regeneration (around neck)
Wands
 q - a wand of polymorph (8)
Scrolls
 b - 2 scrolls of enchant armour {unknown}
 c - a scroll of enchant weapon {unknown}
 f - a scroll of torment {unknown}
 g - 7 scrolls of identify {unknown}
 h - a scroll of immolation {unknown}
 i - a scroll of teleportation {unknown}
 j - a scroll of poison {unknown}
 n - a scroll of blinking {unknown}
 s - a scroll of fear {unknown}
Potions
 k - a potion of brilliance
 t - a potion of heal wounds {unknown}


   Skills:
 - Level 3.6 Fighting
 + Level 10.1 Axes
 - Level 2.4 Dodging


You had 6 spell levels left.
You didn't know any spells.
Your spell library contained the following spells:

 Spells                   Type           Power      Damage    Failure   Level
 Poisonous Vapours        Pois/Air       0%         N/A       88%         2
 Gell's Gravitas          Tloc           0%         N/A       98%         3
 Ignite Poison            Fire/Tmut/Pois 0%         N/A       98%         3
 Manifold Assault         Tloc           0%         N/A       100%        4
 Haunt                    Necr/Summ      0%         N/A       100%        7
 Borgnjor's Revivificati  Necr           0%         N/A       100%        8
 Death's Door             Necr           0%         N/A       100%        9


Dungeon Overview and Level Annotations

Branches:
Dungeon (6/15)
 Temple: D:4-7

Altars:
Makhleb
Okawaru

Shops:
D:2 (


Message History

You hit the giant cockroach.
The giant cockroach is severely wounded.
The giant cockroach closely misses you.
You barely miss the giant cockroach.
The giant cockroach is severely wounded.
The giant cockroach closely misses you.
The giant cockroach bites you but does no damage.
You hit the giant cockroach but do no damage.
The giant cockroach is severely wounded.
The giant cockroach bites you.
A giant cockroach is nearby!
You hit the giant cockroach.
The giant cockroach is almost dead.
The giant cockroach bites you but does no damage.
You hit the giant cockroach.
You kill the giant cockroach!
A kobold comes into view. It is wielding a +0 whip.
You see here a dart slug corpse.
A kobold is nearby!
A kobold is nearby!
The kobold hits you but does no damage.
You closely miss the kobold. The kobold completely misses you.
You barely miss the kobold. The kobold hits you with a +0 whip.
You slash the kobold!
You kill the kobold!
Your Axes skill increases to level 10!
b - 2 scrolls labelled OFFEIH FI BIA (gained 1)
A goblin comes into view. It is wielding a +0 club.
The goblin shouts!
You hear a shout!
A goblin is nearby!
A goblin is nearby!
You slash the goblin!
You kill the goblin!
You see here a +0 club.
A hobgoblin comes into view.
A hobgoblin is nearby!
A hobgoblin is nearby!
You barely miss the hobgoblin. The hobgoblin hits you.
You barely miss the hobgoblin. The hobgoblin hits you.
You hit the hobgoblin.
You kill the hobgoblin!
You see here a hobgoblin corpse.
You see here a hobgoblin corpse.
s - a scroll labelled AHIELISSARI You now have 171 gold pieces (gained 9).
You open the door.
There is an open door here.
Found a stone staircase leading down.
t - a fuming puce potion
There is a stone staircase leading down here.
A gnoll comes into view. It is wielding a +0 whip.
The gnoll shouts!
A gnoll is nearby!
A gnoll is nearby!
A gnoll comes into view. It is wielding a +0 halberd.
The gnoll shouts!
A gnoll comes into view. It is wielding a +0 spear.
The gnoll shouts!
The gnoll hits you with a +0 whip.
A gnoll comes into view. It is wielding a +0 spear.
You barely miss the gnoll. The gnoll hits you with a +0 whip.
You slash the gnoll!
The gnoll is severely wounded.
The gnoll hits you with a +0 whip.
The gnoll hits you from afar with a +0 halberd!
You slash the gnoll!
You kill the gnoll!
The gnoll hits you from afar with a +0 halberd!
You have reached level 7!
The gnoll hits you from afar with a +0 spear.
The gnoll barely misses you.
Things that are here:
a +0 whip; a gnoll corpse You hit the gnoll.
The gnoll is lightly wounded.
The gnoll hits you from afar with a +0 spear.
The gnoll closely misses you.
You hit the gnoll.
The gnoll is moderately wounded.
The gnoll hits you but does no damage. The gnoll hits you with a +0 halberd!
* * * LOW HITPOINT WARNING * * *
Okay, then.
You hit the gnoll.
The gnoll is almost dead.
The gnoll hits you from afar with a +0 spear.
* * * LOW HITPOINT WARNING * * *
The gnoll hits you with a +0 halberd.
* * * LOW HITPOINT WARNING * * *
You hit the gnoll.
You kill the gnoll!
The gnoll hits you from afar with a +0 spear.
* * * LOW HITPOINT WARNING * * *
Saving game... please wait.
Welcome back, GloriousHammer the Hill Orc Monk.
Press ? for a list of commands and other information.
Okay, then.
It was a potion of attraction.
You feel attractive to monsters.
The gnoll hits you from afar with a +0 spear.
You die...

...##.########
#.# #.#
............>#
#.# #.#
...##.######.#
#.# #.#
#####.# #.#
#.# #.# #.#
#.# #)# #.#
#.# #.# #g#
#.# #.# #.#
#g# #.# #.#
#.# #.# #.#
#.# #.# #@#
#.# #.# #.#
#.# #.# #.#
#.# #.#.# #.#
#.# #.#.###.#
#.# #.#.....#
#.# #.#.#####
#.# ##.#.# #.#
#....# #.#


You could see 2 gnolls.

Vanquished Creatures
  A black bear (D:4)
  A phantom (D:3)
  A scorpion (D:6)
  A hound (D:4)
  An orc wizard (D:4)
  2 gnolls (D:3)
  6 adders
  2 worms
  2 dart slugs
  8 orcs (D:4)
  6 endoplasms
  4 giant cockroaches
  7 goblins
  10 hobgoblins
  12 kobolds
  5 quokkas
  4 ball pythons
  7 bats
  2 frilled lizards (D:1)
82 creatures vanquished.

Notes
Turn   | Place    | Note
-------+----------+-------------------------------------------
     0 | D:1      | GloriousHammer the Hill Orc Monk began the quest for the
                  | Orb.
     0 | D:1      | Reached XP level 1. HP: 19/19 MP: 1/1
   185 | D:1      | Reached XP level 2. HP: 26/26 MP: 2/2
   312 | D:1      | Reached skill level 5 in Axes
   829 | D:1      | Reached XP level 3. HP: 30/31 MP: 3/3
  1174 | D:2      | Identified the +0 scale mail of Xom's Supremacy {rCorr
                  | Int+2}
  1221 | D:2      | Reached skill level 6 in Axes
  1254 | D:2      | Reached XP level 4. HP: 39/39 MP: 4/4
  1321 | D:2      | Identified the +2 buckler of the Blind Marksman {-Tele
                  | rN+++ Str+5 Int+2}
  1355 | D:2      | Found an iron altar of Okawaru.
  1552 | D:2      | Found Sijocad's Weapon Emporium.
  1629 | D:3      | Identified the "Awefoa"
  1821 | D:3      | You fall into a shaft and drop 3 floors!
  1822 | D:6      | Noticed a scorpion
  1848 | D:6      | Killed a scorpion
  1849 | D:6      | Reached skill level 7 in Axes
  1849 | D:6      | Reached XP level 5. HP: 10/45 MP: 5/5
  2058 | D:5      | Entered Level 5 of the Dungeon
  2104 | D:4      | Reached skill level 8 in Axes
  2302 | D:4      | Reached XP level 6. HP: 34/51 MP: 6/6
  2371 | D:4      | Noticed a black bear
  2390 | D:4      | Killed a black bear
  2391 | D:4      | Reached skill level 9 in Axes
  2565 | D:3      | Found a burning altar of Makhleb.
  2623 | D:3      | Reached skill level 10 in Axes
  2744 | D:3      | Reached XP level 7. HP: 22/57 MP: 7/7
  2747 | D:3      | HP: 2/57 [gnoll/+0 halberd (1)]
  2752 | D:3      | Slain by a gnoll

Illustrated notes

Levels and vault maps discovered:
D:1:      tarquinn_simple_flora_water_f, layout_loops_corners, kennysheep_boxes
D:2:      layout_rooms, basic_altar, serial_shops, nicolae_shop_hallway_plus,
          chequers_serial_rivers_micro_d
D:3:      layout_basic, palyth_temple_overflow_mages, lemuel_tele_altar
D:4:      layout_basic, grunt_gozag_statues, dk_vineyard_3
D:5:      layout_rooms, uniq_eustachio, uniq_sigmund
D:6:      layout_loops_ring, amcnicky_altar_gilded, minmay_holes

Skill      XL: |  1  2  3  4  5  6 |
---------------+-------------------+-----
Axes           | 5 6 7 8 10 | 10.1
Fighting       | |  3.6
Dodging        | |  2.4

Action                     |  1- 3 |  4- 6 |  7- 9 || total
---------------------------+-------+-------+-------++-------
  Melee: Hand axe          |    96 |   103 |       ||   199
         War axe           |       |    51 |     4 ||    55
    Use: Potion            |       |     3 |     1 ||     4
 Armour: Robe              |    24 |       |       ||    24
         Leather armour    |    29 |       |       ||    29
         Scale mail        |    20 |    99 |     8 ||   127
  Dodge: Dodged            |    56 |    69 |     2 ||   127

Table legend: (Time is in decaauts)
 A = Elapsed time spent in this place.
 B = Non-inter-level travel time spent in this place.
 C = Inter-level travel time spent in this place.
 D = Time resting spent in this place.
 E = Time spent auto-exploring this place.
 F = Levels seen in this place.
 G = Mean time per level.
                   A        B        C        D        E       F      G
               +--------+--------+--------+--------+--------+-----+--------+
         Total |   2750 |   2702 |     48 |    294 |   1664 |   6 |  458.3 |
       Dungeon |   2750 |   2702 |     48 |    294 |   1664 |   6 |  458.3 |
               +--------+--------+--------+--------+--------+-----+--------+

Top non-repeatable levels by time:
     D:1: 1126 daAuts
     D:2: 506 daAuts
     D:3: 438 daAuts
     D:4: 408 daAuts
     D:6: 253 daAuts
     D:5: 17 daAuts
